 Dungeon Crawl Stone Soup version 0.28.0 (webtiles) character file.

Game seed: 10361314830936295443

1734 RighteousDevil the Basher (level 8, -2/94 HPs)
             Began as a Demonspawn Gladiator on Feb 5, 2022.
             Was a Priest of Makhleb.
             Slain by a scorpion (5 damage)
             ... in an ossuary.
             The game lasted 00:20:51 (8885 turns).

RighteousDevil the Basher (Demonspawn Gladiator)    Turns: 8885, Time: 00:20:51

Health: -2/94      AC: 24    Str: 18    XL:     8   Next: 76%
Magic:  2/2        EV:  2    Int: 10    God:    Makhleb [***...]
Gold:   221        SH:  0    Dex: 15    Spells: 7/7 levels left

rFire   + . .      SeeInvis .   k - +2 mace (antimagic)
rCold   . . .      Faith    .   (no shield)
rNeg    . . .      Spirit   .   (armour currently unavailable)
rPois   +          Reflect  .   (helmet currently unavailable)
rElec   .          Harm     .   (cloak currently unavailable)
rCorr   .          Rampage  .   (gloves currently unavailable)
Will    .....      NoTele   +   (boots currently unavailable)
Stlth   +.........              (no amulet)
HPRegen 0.25/turn               g - ring of protection from fire
MPRegen 0.08/turn               h - ring of poison resistance

@: tree-form
A: stationary, stasis, torment immunity, boosted hp, (hooves 1), (thin metallic
scales 2), foul stench 1, powered by pain 1, (horns 1), (fire resistance 1),
strong 1
a: Renounce Religion, Minor Destruction, Lesser Servant of Makhleb


You were in an ossuary.
You worshipped Makhleb.
Makhleb was most pleased with you.
You were a tree.
You visited 1 branch of the dungeon, and saw 7 of its levels.
You also visited: Sewer and Ossuary.

You collected 221 gold pieces.

Inventory:

Hand Weapons
 a - a +0 flail
 k - a +2 antimagic mace (weapon)
Armour
 b - a +0 scale mail (melded)
 c - a +0 cloak (melded)
Jewellery
 e - a ring of fire
 g - a ring of protection from fire (left branch)
 h - a ring of poison resistance (right branch)
 i - a ring of protection from fire
Wands
 d - a wand of digging (7)
Scrolls
 n - a scroll of silence
 p - a scroll of identify
Potions
 f - 3 potions of flight
 j - a potion of cancellation
 l - a potion of resistance


   Skills:
 - Level 5.5 Fighting
 + Level 9.5 Maces & Flails
 - Level 2.0 Throwing
 - Level 3.0 Dodging


You had 7 spell levels left.
You didn't know any spells.
Your spell library contained the following spells:

 Spells                   Type           Power      Damage    Failure   Level
 Slow                     Hex            0%         N/A       36%         1
 Call Canine Familiar     Summ           0%         N/A       75%         3
 Confusing Touch          Hex            0%         N/A       75%         3
 Portal Projectile        Hex/Tloc       0%         N/A       75%         3
 Vampiric Draining        Necr           0%         2d6       75%         3
 Airstrike                Air            0%         N/A       98%         4
 Leda's Liquefaction      Hex/Erth       0%         N/A       98%         4
 Summon Lightning Spire   Summ/Air       0%         N/A       98%         4
 Lightning Bolt           Conj/Air       0%         1d11      100%        5


Dungeon Overview and Level Annotations

Branches:
Dungeon (7/15)              Sewer (visited)         Ossuary (1/1)
 Temple: D:4-7

Altars:
Makhleb
Wu Jian

Shops:
D:4 *


Innate Abilities, Weirdness & Mutations

You are a tree.
Your roots penetrate the ground, keeping you stationary.
You cannot be teleported.
You are immune to unholy pain and torment.
Your maximum health is greatly increased.
Your equipment is partially melded.
((You have large cloven feet.))
((You are mostly covered in thin metallic scales. (AC +3)))
You may rarely emit foul miasma when damaged in melee.
You sometimes gain a little power by taking damage.
((You have a pair of small horns on your head.))
((Your flesh is heat resistant. (rF+)))
Your muscles are strong. (Str +2)


Message History

You feel sick.
The kobold zombie hits you but does no damage.
The scorpion zombie hits you but does no damage.
You hit the scorpion zombie.
The scorpion zombie is moderately damaged.
You feel sick. The kobold zombie hits you.
* * * LOW HITPOINT WARNING * * *
You hit the scorpion zombie.
The scorpion zombie is heavily damaged.
You feel sick.
The scorpion zombie hits you but does no damage.
The kobold zombie hits you but does no damage.
You hit the scorpion zombie.
The scorpion zombie is severely damaged.
You feel sick.
The scorpion seems to regain its courage.
Cornered, the scorpion turns to fight!
The scorpion zombie hits you but does no damage.
You barely miss the scorpion zombie.
The scorpion zombie is severely damaged.
You feel sick.
The scorpion zombie hits you but does no damage.
The kobold zombie hits you but does no damage.
You sock the scorpion zombie!
The scorpion zombie is almost destroyed.
You feel sick.
The scorpion zombie hits you but does no damage.
The kobold zombie hits you but does no damage.
You hit the scorpion zombie but do no damage.
The scorpion zombie is almost destroyed.
You feel sick.
The kobold zombie hits you but does no damage.
You hit the scorpion but do no damage.
The scorpion is severely wounded.
You feel sick.
You are no longer poisoned.
You hit the scorpion.
The scorpion is almost dead.
The scorpion stings you.
You die...

################# #
#...#...#..Z....#...#
+...8...'.♣ss.†.'...#
#.......#..Z....#...#
##+###8...8###########+##
#?!.#.......#...#...#!!.#
#?..#...8...#...8...#=.!#
#.?M#...#...#.......#M.?#
##########'###8...8######
#...#...#...#.......#...#
#...'...'...#...8...'...#


You could see 2 scorpions, a scorpion zombie and a kobold zombie.

Vanquished Creatures
  A sky beast (D:6)
  An ogre (D:5)
  2 phantoms
  A centaur (D:5)
  A kobold brigand (Sewer)
  A gnoll sergeant (D:6)
  5 scorpions (Ossuary)
  3 wights (D:6)
  A howler monkey (D:3)
  3 centaur zombies
  A hound (D:6)
  3 jellies
  An orc priest (D:5)
  A centaur skeleton (D:7)
  2 iguanas (D:5)
  Ijyb (D:5)
  A scorpion zombie (Ossuary)
  A killer bee zombie (D:6)
  2 mummies (Ossuary)
  7 adders
  10 gnolls
  A river rat (Sewer)
  A shadow imp (D:6)
  An adder skeleton (D:4)
  2 worms (D:4)
  3 dart slugs
  16 orcs
  9 endoplasms
  6 giant cockroaches
  2 gnoll zombies (Ossuary)
  6 goblins
  6 hobgoblins
  8 jackals
  9 kobolds
  4 quokkas
  8 ball pythons
  4 bats
  3 frilled lizards
  3 goblin zombies (Ossuary)
  2 hobgoblin zombies (Ossuary)
  2 kobold zombies (Ossuary)
  3 orc zombies (Ossuary)
  14 rats
162 creatures vanquished.

Vanquished Creatures (others)
  5 plants (D:3)
5 creatures vanquished.

Grand Total: 167 creatures vanquished

Notes
Turn   | Place    | Note
-------+----------+-------------------------------------------
     0 | D:1      | RighteousDevil the Demonspawn Gladiator began the quest for
                  | the Orb.
     0 | D:1      | Reached XP level 1. HP: 16/16 MP: 1/1
   225 | D:1      | Gained mutation: You sometimes gain a little power by
                  | taking damage. [demonic ancestry]
   225 | D:1      | Reached XP level 2. HP: 21/22 MP: 2/2
   534 | D:1      | Reached skill level 3 in Maces & Flails
  1121 | D:1      | Gained mutation: You have a pair of small horns on your
                  | head. [potion of mutation]
  1121 | D:1      | Gained mutation: Your muscles are strong. (Str +2) [potion
                  | of mutation]
  1121 | D:1      | Gained mutation: Your flesh is heat resistant. (rF+)
                  | [potion of mutation]
  1157 | D:2      | Reached XP level 3. HP: 27/28 MP: 3/3
  1372 | D:2      | Reached XP level 4. HP: 18/35 MP: 4/4
  1880 | D:2      | Found a faded altar of an unknown god.
  1929 | D:2      | Prayed at the altar of an unknown god.
  1929 | D:2      | Became a worshipper of Makhleb the Destroyer
  1929 | D:2      | Reached * piety under Makhleb
  2526 | D:2      | Reached skill level 4 in Maces & Flails
  2641 | D:2      | Gained mutation: You may rarely emit foul miasma when
                  | damaged in melee. [demonic ancestry]
  2641 | D:2      | Reached XP level 5. HP: 42/42 MP: 5/5
  2718 | D:2      | Found an ornate altar of the Wu Jian Council.
  2762 | D:2      | Noticed Jessica
  2765 | D:2      | Noticed Jessica
  2765 | D:2      | Jessica changed into Jessica the hobgoblin
  2768 | D:2      | Killed Jessica the hobgoblin
  3405 | D:3      | Noticed Sigmund
  3407 | D:3      | Noticed Sigmund
  3407 | D:3      | Sigmund changed into Sigmund the howler monkey
  3413 | D:3      | Killed Sigmund the howler monkey
  4046 | D:4      | Found a glowing drain.
  4070 | Sewer    | Entered a sewer
  4078 | Sewer    | Reached ** piety under Makhleb
  4299 | Sewer    | Gained mutation: You are partially covered in thin metallic
                  | scales. (AC +2) [demonic ancestry]
  4299 | Sewer    | Reached XP level 6. HP: 18/49 MP: 6/6
  4769 | D:4      | You fall into a shaft and drop 2 floors!
  5127 | D:6      | Reached skill level 5 in Fighting
  5127 | D:6      | Reached skill level 5 in Maces & Flails
  5212 | D:5      | Entered Level 5 of the Dungeon
  5772 | D:4      | Found Huosukk's Elemental Accessories.
  5806 | D:4      | Gained mutation: You have large cloven feet. [demonic
                  | ancestry]
  5806 | D:4      | Reached XP level 7. HP: 56/56 MP: 2/7
  6510 | D:5      | Reached skill level 6 in Maces & Flails
  6623 | D:5      | Noticed Ijyb
  6669 | D:5      | Killed Ijyb
  6858 | D:5      | Reached skill level 7 in Maces & Flails
  7145 | D:6      | Gained mutation: You are mostly covered in thin metallic
                  | scales. (AC +3) [demonic ancestry]
  7145 | D:6      | Reached XP level 8. HP: 40/63 MP: 2/8
  7818 | D:6      | Reached skill level 8 in Maces & Flails
  8420 | D:7      | Found a sand-covered staircase.
  8432 | Ossuary  | Entered an ossuary
  8504 | Ossuary  | Reached skill level 9 in Maces & Flails
  8513 | Ossuary  | Reached *** piety under Makhleb
  8882 | Ossuary  | HP: 4/94 [poisoned by a scorpion]
  8885 | Ossuary  | Slain by a scorpion

Illustrated notes

Levels and vault maps discovered:
D:1:      dpeg_arrival_tiny_a, layout_rooms, serial_forest,
          infiniplex_forest_lined_2, infiniplex_forest_lined_2,
          infiniplex_forest_straight_3, infiniplex_forest_pool,
          infiniplex_forest_lined_1, infiniplex_forest_clump_double,
          infiniplex_forest_clump_small, infiniplex_forest_lined_room_,
          infiniplex_forest_lined_3_way, skrybe_limestone_x,
          minmay_strange_pillars, minmay_tromino_v4_b
D:2:      layout_rooms, basic_altar, hellmonk_ecumenical_altar_crossroads,
          kennysheep_generic_room_6, uniq_jessica
D:3:      layout_loops_ring, kennysheep_another_room, hangedman_decor_growths,
          minmay_shallow_snake_nest, uniq_sigmund
D:4:      layout_layer_cave, cheibrodos_sewer_entry_drain,
          nicolae_elemental_shop
D:5:      layout_basic, minmay_misc_feat_chi, uniq_ijyb
D:6:      layout_basic, corexii_item_surrounded_by_moat,
          minmay_stone_trees_large, minmay_splitting_lines,
          lemuel_flamethrower_2
D:7:      nzn_winding_woodlands_medium [nzn_winding_woodlands_5x5_perimeter,
          nzn_winding_woodlands_5x15_zeroes,
          nzn_winding_woodlands_5x5_open_star, nzn_winding_woodlands_5x5_cross,
          nzn_winding_woodlands_center_triple_pond,
          nzn_winding_woodlands_5x5_closed_star,
          nzn_winding_woodlands_5x5_default, nzn_winding_woodlands_5x15_crooked,
          nzn_winding_woodlands_5x5_default], layout_cave_pools,
          minmay_temple_entry_statues_pillars, nicolae_ossuary_entry_plus,
          serial_co_window_serial, co_window_corner_a, co_window_cross_1,
          co_window_paths_a, co_window_corner_a, co_window_paths_b,
          co_window_broadway_b, co_window_corner_b, co_window_2corner,
          co_window_2corner, co_window_2corner, glass_columns_a,
          kennysheep_generic_room_8
Ossuary:  ossuary_minmay_scorpions

Skill      XL: |  1  2  3  4  5  6  7  8 |
---------------+-------------------------+-----
Throwing       | 2 |  2.0
Maces & Flails | 3 4 5 7 9 |  9.5
Dodging        | 3 |  3.0
Fighting       | 3 4 5 |  5.5

Action                   |  1- 3 |  4- 6 |  7- 9 || total
-------------------------+-------+-------+-------++-------
Melee: Flail             |   110 |   154 |       ||   264
       Headbutt          |     6 |    32 |    46 ||    84
       Punch             |     1 |     2 |     4 ||     7
       Mace              |       |    68 |   239 ||   307
       Kick              |       |       |    80 ||    80
Throw: Throwing net      |     1 |     4 |     1 ||     6
Evoke: Wand              |       |     5 |       ||     5
  Use: Scroll            |     2 |     6 |     5 ||    13
       Potion            |     1 |     5 |     7 ||    13
 Stab: Sleeping          |     2 |       |       ||     2
Armor: Leather armour    |    30 |       |       ||    30
       Chain mail        |    15 |   161 |     8 ||   184
       Scale mail        |       |       |   118 ||   118
       Skin              |       |       |    14 ||    14
Dodge: Dodged            |    73 |   149 |   140 ||   362
